 Dungeon Crawl Stone Soup version 0.27.1-37-g7b29ead8ac (console) character file.

Game seed: 13813827398473075607

244011 grimtooth the Hand of Fortune (level 20, -2/122 (129) HPs)
             Began as a Kobold Hunter on Jan 18, 2024.
             Was the Champion of Nemelex Xobeh.
             Splashed by a tengu reaver's acid (6 damage)
             ... on level 2 of the Vaults on Feb 22, 2024.
             The game lasted 06:10:32 (60535 turns).

grimtooth the Hand of Fortune (Kobold Hunter)      Turns: 60535, Time: 06:10:32

HP:   -2/122 (129)  AC: 12    Str: 13    XL:     20   Next: 21%
MP:   0/33          EV: 25    Int: 17    God:    Nemelex Xobeh [******]
Gold: 1931          SH:  9    Dex: 16    Spells: 17/19 levels left

rFire    + . .     SeeInvis .   q - +5 quick blade (drain)
rCold    + + .     Faith    .   u - +2 buckler {AC+3}
rNeg     . . .     Spirit   +   D - +0 swamp dragon scales
rPois    +         Reflect  .   l - +0 helmet
rElec    .         Harm     .   G - +0 cloak
rCorr    .         Rampage  +   k - +2 pair of gloves
Will     +....                  A - +2 pair of boots
Stlth    +++++++...             C - amulet of Roatwo {Spirit Rampage rC++}
HPRegen  0.30/turn              o - ring of protection from fire
MPRegen  0.23/turn              S - +4 ring of evasion

@: about to teleport, marked, corroded, drained
A: small, no large weapons, nightstalker 3
}: 2/15 runes: decaying, serpentine
a: Renounce Religion, Draw Escape, Draw Destruction, Draw Summoning, Draw Stack,
Triple Draw, Deal Four, Stack Five


You were on level 2 of the Vaults.
You worshipped Nemelex Xobeh.
Nemelex Xobeh was exalted by your worship.
You visited 7 branches of the dungeon, and saw 34 of its levels.
You also visited: Volcano.

You collected 3523 gold pieces.
You spent 1592 gold pieces at shops.

Inventory:

Hand Weapons
 b - a +1 short sword of electrocution
 q - a +5 quick blade of draining (weapon)
Missiles
 a - 8 sling bullets
 c - 29 boomerangs
 d - 7 throwing nets {=f}
 J - 9 curare-tipped darts (quivered)
Armour
 k - a +2 pair of gloves (worn)
 l - a +0 helmet (worn)
 s - the +6 scale mail of Jiackuv {Str+3}
   (You found it on level 7 of the Dungeon)

   Str:       It affects your strength (+3).
 u - a +2 buckler of protection (worn)
 A - a +2 pair of boots (worn)
 D - +0 swamp dragon scales (worn)
 G - a +0 cloak (worn)
Magical Staves
 H - a staff of air
Jewellery
 n - a ring of see invisible
 o - a ring of protection from fire (left hand)
 C - the amulet of Roatwo (around neck) {Spirit Rampage rC++}
   (You found it on level 4 of the Lair of Beasts)

   [amulet of guardian spirit]

   It causes incoming damage to be divided between your reserves of health and
   magic.
   rC:        It greatly protects you from cold.
   Rampage:   It bestows one free step when moving towards enemies.
 S - a +4 ring of evasion (right hand)
Wands
 h - a wand of flame (34)
 i - a wand of mindburst (26)
 w - a wand of acid (12)
 V - a wand of polymorph (13)
 W - a wand of paralysis (3)
 Y - a wand of iceblast (1)
Scrolls
 f - a scroll of enchant armour
 m - 2 scrolls of identify {@r4}
 y - 3 scrolls of fear
 E - 6 scrolls of teleportation
 P - 7 scrolls of vulnerability
 T - 3 scrolls of fog
 X - 7 scrolls of magic mapping
 Z - 2 scrolls of acquirement
Potions
 j - 3 potions of berserk rage
 p - 4 potions of ambrosia
 r - 8 potions of curing
 t - a potion of heal wounds
 I - 4 potions of haste
 O - 6 potions of flight
 Q - 5 potions of might
 R - 2 potions of invisibility
 U - 6 potions of magic
Miscellaneous
 e - a piece from Xom's chessboard (15/15)
 g - a condenser vane
 L - a box of beasts (inert)


   Skills:
 - Level 15.0 Fighting
 - Level 12.0 Short Blades
 - Level 6.0 Throwing
 - Level 6.0 Armour
 - Level 15.0 Dodging
 + Level 18.4 Stealth
 - Level 6.0 Shields
 - Level 6.0 Translocations
 * Level 19.1 Invocations
 - Level 12.0 Evocations


You had 17 spell levels left.
You knew the following spells:

 Your Spells              Type           Power      Damage    Failure   Level
k - Blink                 Tloc           N/A        N/A       6%          2

Your spell library contained the following spells:

 Spells                   Type           Power      Damage    Failure   Level
 Portal Projectile        Hex/Tloc       20%        N/A       38%         3
 Foxfire                  Conj/Fire      0%         2x1d4     43%         1
 Sting                    Tmut/Pois      0%         1d3       43%         1
 Corpse Rot               Necr/Air       N/A        N/A       56%         2
 Poisonous Vapours        Pois/Air       0%         N/A       56%         2
 Static Discharge         Conj/Air       0%         N/A       56%         2
 Sublimation of Blood     Necr           0%         N/A       56%         2
 Wereblood                Tmut           0%         N/A       56%         2
 Manifold Assault         Tloc           20%        N/A       73%         5
 Call Canine Familiar     Summ           0%         N/A       80%         3
 Conjure Flame            Conj/Fire      0%         6-21      80%         3
 Ignite Poison            Fire/Tmut/Pois 0%         N/A       80%         3
 Inner Flame              Hex/Fire       0%         N/A       80%         3
 Ozocubu's Armour         Ice            0%         N/A       80%         3
 Animate Dead             Necr           0%         N/A       99%         4
 Dispel Undead            Necr           0%         3d6       99%         4
 Fulminant Prism          Conj/Hex       0%         3d6       99%         4
 Leda's Liquefaction      Hex/Erth       0%         N/A       99%         4
 Olgreb's Toxic Radiance  Pois           0%         N/A       99%         4
 Petrify                  Tmut/Erth      0%         N/A       99%         4
 Sticky Flame             Conj/Fire      0%         2d3       99%         4
 Alistair's Intoxication  Tmut/Pois      0%         N/A       100%        5
 Borgnjor's Vile Clutch   Necr/Erth      0%         N/A       100%        5
 Iskenderun's Battlesphe  Conj           0%         2d6       100%        5
 Metabolic Englaciation   Hex/Ice        0%         N/A       100%        5
 Summon Mana Viper        Hex/Summ       0%         N/A       100%        5
 Death Channel            Necr           0%         N/A       100%        6
 Eringya's Noxious Bog    Tmut/Pois      0%         N/A       100%        6
 Iron Shot                Conj/Erth      0%         9d1       100%        6
 Statue Form              Tmut/Erth      0%         N/A       100%        6
 Malign Gateway           Summ/Tloc      5%         N/A       100%        7
 Ozocubu's Refrigeration  Ice            0%         4d5       100%        7
 Spellforged Servitor     Conj/Summ      0%         N/A       100%        7
 Storm Form               Tmut/Air       0%         N/A       100%        7
 Summon Hydra             Summ           0%         N/A       100%        7


Dungeon Overview and Level Annotations

Branches:
Dungeon (15/15)            Temple (1/1) D:7            Lair (6/6) D:11
  Swamp (4/4) Lair:4        Snake (4/4) Lair:4        Slime (0/5) Lair:6
    Orc (2/2) D:12            Elf (0/3) Orc:2        Vaults (2/5) D:14
 Depths (0/5) D:15        Volcano (visited)
  Crypt: Vaults:2-3

Altars:
Ashenzari
Cheibriados
Dithmenos
Elyvilon
Fedhas
Gozag
Hepliaklqana
Kikubaaqudgha
Makhleb
Nemelex Xobeh
Okawaru
Qazlal
Ru
Sif Muna
Trog
Uskayaw
Vehumet
Wu Jian
Xom
Yredelemnul
Zin
The Shining One
Beogh

Shops:
D:7 *   D:15 [   Orc:1 =   Orc:2 !*[*   Snake:1 ([[(   Vaults:2 [

Portals:
Trove: Vaults:2 (give skin of Zhor)

Annotations:
Swamp:3 Roxanne
Snake:3 2 runed translucent doors, Mara
Snake:4 exclusions: anaconda and naga sharpshooter
Vaults:2 exclusions: centaur warrior, ironbound beastmaster and ugly thing


Innate Abilities, Weirdness & Mutations

You are small and have problems with some larger weapons.
You are completely attuned to the shadows.


Message History

Aim: a tengu reaver, wielding a +3 great mace of draining and wearing a +4 ring mail of fire resistance (heavily wounded, very poisoned, lightly drained, 54% to hit)
You throw a curare-tipped dart.
The curare-tipped dart hits the tengu reaver.
The tengu reaver looks as sick as possible!
The tengu reaver convulses.
The tengu reaver seems to slow down.
The tengu reaver is severely wounded.
Your elder oxbat beast hits the vault guard!
Your elder oxbat beast barely misses the vault guard.
The ironbound thunderhulk misses you.
The vault sentinel gestures at you while chanting.
The mark upon you grows brighter.
The vault warden hits you with a +0 war axe!!
The vault warden hits your killer bee with a +0 war axe!!
Your killer bee dies!
Your killer bee's corpse disappears in a puff of smoke!
Press: ? - help, v - describe, . - travel
Here: a curse skull The floor.
Okay, then.
Search for what [Enter for "ring m", or ? for help]? cancell Can't find anything matching that.
Unknown command.
As you read the scroll of teleportation, it crumbles to dust.
You feel strangely unstable.
The curse skull rattles its jaw.
The vault guard hits your elder oxbat beast but does no damage.
The ironbound thunderhulk hits you with a +2 vorpal dire flail!
Your elder oxbat beast barely misses the vault guard.
Your elder oxbat beast tramples the vault guard but does no damage.
The vault warden hits you with a +0 war axe!!
* * * LOW HITPOINT WARNING * * *
A centaur warrior comes into view.
The tengu reaver casts a spell at you. The bolt of acid hits you!!!
* * * LOW HITPOINT WARNING * * *
The acid corrodes you!
You are splashed with acid!
You die...
Your body disappears without a glow.

##########################
.........................#
...............p@........#
............3..O§p.......#
.................Q.......#
............p.H§z.(....).#
.....###########c........#
.....# #....yp...# .....#
#.........# .....#
#.........# .....#
#.........# .....#
#.........# .....#
#.........#


You could see a vault warden (drained), an ironbound thunderhulk, a tengu reaver
(extremely poisoned, slow, drained, ally target), a vault guard, a soul eater, a
centaur warrior, a curse skull, a vault sentinel (drained) and a friendly elder
oxbat beast (summoned).

Vanquished Creatures
  A tentacled monstrosity (Swamp:4)
  3 nagarajas (Snake:4)
  2 vault wardens
  An orc warlord (Vaults:2)
  9 very ugly things
  5 ironbound preservers
  A black draconian (Lair:6)
  3 dire elephants
  3 bunyips
  Snorg (D:12)
  An ettin (Vaults:2)
  2 green deaths (Swamp:4)
  2 vault guards (Vaults:1)
  A fire dragon (Vaults:1)
  2 yaktaur captains
  2 great orbs of eyes (Swamp:4)
  2 shambling mangroves (Swamp:4)
  4 boulder beetles
  An ice dragon (Snake:2)
  A hell beast (Swamp:4)
  4 naga warriors
  A catoblepas (Lair:6)
  A ghost crab (Swamp:1)
  A salamander tyrant (Snake:1)
  21 hydras
  Harold (D:10)
  4 ogre magi
  8 anacondas
  20 two-headed ogres
  17 centaur warriors
  2 tengu warriors
  A deep troll earth mage (D:9)
  An ironbound frostheart (Vaults:1)
  9 alligators
  8 death yaks
  A spriggan berserker (Swamp:2)
  2 ironbound beastmasters
  A hell knight (Volcano)
  5 shock serpents
  Sonja (D:10)
  3 naga sharpshooters
  An orc high priest (Orc:2)
  A salamander mystic (Snake:2)
  5 spriggan druids
  3 goliath frogs
  16 deep trolls
  9 bog bodies
  4 ironbound convokers (Vaults:1)
  A naga ritualist (Snake:2)
  A deep elf archer (D:13)
  7 swamp dragons
  Pikel (D:4)
  A harpy (Vaults:2)
  A lindwurm (Lair:6)
  3 wizards
  2 necromancers
  3 orc knights
  A wolf spider zombie (D:15)
  4 deep elf pyromancers
  3 orc sorcerers
  A shining eye (D:14)
  7 mana vipers
  3 manticores
  5 cyclopes
  5 ugly things
  A moth of wrath (Vaults:2)
  A molten gargoyle (Lair:5)
  8 elephants
  A sphinx skeleton (Vaults:1)
  15 salamanders
  3 guardian serpents
  26 black mambas
  11 naga magi
  A gargoyle (D:10)
  6 vault sentinels
  2 eyes of devastation
  19 cane toads
  3 freezing wraiths
  Psyche (D:9)
  8 yaktaurs
  9 komodo dragons
  A tengu conjurer (D:14)
  3 rime drakes
  A polar bear (Lair:3)
  7 trolls
  2 bloated husks
  3 meliai (D:14)
  10 tyrant leeches
  11 hornets
  19 slime creatures
  A stone giant simulacrum (Vaults:1)
  15 blink frogs
  A large abomination (Swamp:4)
  2 centaur simulacra (D:15)
  6 shadows
  8 spriggans
  A vampire (D:11)
  7 wyverns
  45 yaks
  3 wraiths
  A basilisk (D:9)
  A fire elemental (Lair:5)
  16 humans (D:14)
  A golden eye (shapeshifter) (D:15)
  A steam dragon (Lair:5)
  16 swamp worms
  15 vampire mosquitoes
  6 wargs
  2 acid dragons
  20 water moccasins
  25 nagas
  A floating eye (D:14)
  2 swamp drakes (Swamp:1)
  15 orc warriors
  5 black bears
  26 ogres
  5 boggarts (Vaults:1)
  An ice beast (D:7)
  2 necrophages (D:6)
  A boggart (shapeshifter) (Snake:2)
  11 wolves
  9 centaurs
  3 phantoms
  A human zombie (Vaults:1)
  4 kobold brigands
  23 bullfrogs
  2 gnoll sergeants
  4 scorpions
  A wyvern skeleton (D:5)
  3 killer bees (D:10)
  4 wights
  2 howler monkeys (D:8)
  5 centaur zombies
  2 bullfrog zombies (D:5)
  3 hounds
  2 centaur skeletons
  5 jellies
  13 orc priests
  A gnoll shaman (D:5)
  Ijyb (D:3)
  4 iguanas
  2 scorpion zombies (D:5)
  20 orc wizards
  2 killer bee zombies
  2 howler monkey zombies
  2 howler monkey skeletons
  10 gnolls
  8 adders
  A shadow imp (D:7)
  2 white imps (D:5)
  3 ufetubi (D:5)
  2 adder zombies (D:5)
  2 worms
  4 dart slugs
  84 orcs
  4 bats
  8 endoplasms
  6 goblins
  3 hobgoblins (D:4)
  2 jackals (D:2)
  24 kobolds
  6 quokkas
  5 ball pythons
  2 frilled lizards
  6 rats
983 creatures vanquished.

Vanquished Creatures (collateral kills)
  Rupert (D:14)
  A thorn hunter (Swamp:3)
  A shambling mangrove (Swamp:3)
  A hydra (Lair:6)
  Urug (D:14)
  A spriggan berserker (Swamp:2)
  2 spriggans (Swamp:2)
  A goliath frog (Lair:6)
  2 wizards (D:15)
  A mana viper (Snake:2)
  An orc sorcerer (D:15)
  A cane toad (Lair:6)
  A komodo dragon (Lair:6)
  A hornet (Swamp:2)
  A shadow (Swamp:4)
  A swamp drake (Snake:2)
  A bullfrog (Snake:2)
19 creatures vanquished.

Vanquished Creatures (others)
  A guardian serpent (Snake:2)
  2 bloated husks (Swamp:2)
  3 briar patches (Swamp:3)
  84 fungi
  167 plants
257 creatures vanquished.

Grand Total: 1259 creatures vanquished

Notes
Turn   | Place    | Note
-------+----------+-------------------------------------------
     0 | D:1      | grimtooth the Kobold Hunter began the quest for the Orb.
     0 | D:1      | Reached XP level 1. HP: 12/12 MP: 1/1
   289 | D:1      | Reached skill level 1 in Short Blades
   542 | D:1      | Reached XP level 2. HP: 17/17 MP: 2/2
  1249 | D:2      | Reached XP level 3. HP: 21/21 MP: 3/3
  2058 | D:3      | Noticed Ijyb
  2123 | D:3      | Reached XP level 4. HP: 26/26 MP: 4/4
  2397 | D:3      | Found an iron altar of Okawaru.
  2534 | D:3      | Found a shimmering blue altar of Sif Muna.
  2824 | D:3      | Killed Ijyb
  2825 | D:3      | Reached XP level 5. HP: 25/30 MP: 5/5
  3356 | D:4      | Reached skill level 5 in Short Blades
  3627 | D:4      | Noticed a lemure
  3783 | D:4      | Noticed a phantom
  4142 | D:4      | Found a sacrificial altar of Ru.
  4345 | D:5      | Entered Level 5 of the Dungeon
  4351 | D:5      | Reached XP level 6. HP: 35/35 MP: 6/6
  4662 | D:5      | Reached skill level 5 in Stealth
  4797 | D:5      | Noticed a black bear
  4809 | D:5      | Killed a black bear
  4810 | D:5      | Reached XP level 7. HP: 24/40 MP: 7/7
  5111 | D:5      | Identified the amulet "Gubuagus" {Acrobat MP-9 Int+3 Dex+7
                  | Slay+2}
  5933 | D:5      | Reached XP level 8. HP: 43/45 MP: 8/8
  6574 | D:4      | Noticed Pikel
  7343 | D:4      | Killed Pikel
  7344 | D:4      | Reached skill level 5 in Fighting
  7344 | D:4      | Reached skill level 5 in Dodging
  7778 | D:5      | Reached XP level 9. HP: 54/54 MP: 9/9
  8547 | D:6      | Reached skill level 5 in Throwing
  8582 | D:6      | Found a shimmering altar of Xom.
  8630 | D:6      | Found an opulent altar of Gozag.
  8671 | D:6      | Found a hide-covered altar of Uskayaw.
  8675 | D:6      | Found a broken altar of Ashenzari.
  9611 | D:7      | Found a staircase to the Ecumenical Temple.
  9627 | Temple   | Entered the Ecumenical Temple
  9882 | Temple   | Became a worshipper of Nemelex Xobeh the Trickster
 10272 | D:7      | Found Zin's Purification Station.
 10272 | D:7      | Found a glowing silver altar of Zin.
 10355 | D:7      | Found a radiant altar of Vehumet.
 10511 | D:7      | Reached skill level 1 in Invocations
 10841 | D:7      | Reached skill level 2 in Invocations
 10845 | D:7      | Identified the +6 scale mail of Jiackuv {Str+3}
 10981 | D:7      | Reached skill level 3 in Invocations
 11132 | D:4      | Reached XP level 10. HP: 60/60 MP: 12/12
 11378 | D:5      | Reached skill level 4 in Invocations
 11923 | D:8      | Reached skill level 5 in Invocations
 12111 | D:8      | Reached * piety under Nemelex Xobeh
 12210 | D:8      | Received a gift from Nemelex Xobeh
 12355 | D:8      | Found a hazy altar of Hepliaklqana.
 12652 | D:9      | Noticed Psyche
 12673 | D:9      | Killed Psyche
 12862 | D:9      | Reached ** piety under Nemelex Xobeh
 13043 | D:9      | Found a glowing golden altar of the Shining One.
 13193 | D:9      | Reached skill level 6 in Invocations
 13338 | D:9      | Reached XP level 11. HP: 65/71 MP: 6/15
 13586 | D:10     | Entered Level 10 of the Dungeon
 13651 | D:10     | Noticed Sonja
 13672 | D:10     | Received a gift from Nemelex Xobeh
 13672 | D:10     | Noticed Harold
 14073 | D:10     | Noticed a two-headed ogre
 14077 | D:10     | Killed a two-headed ogre
 14078 | D:10     | Reached skill level 7 in Invocations
 14205 | D:10     | Received a gift from Nemelex Xobeh
 14218 | D:10     | Reached skill level 10 in Dodging
 14249 | D:10     | Found a bloodstained altar of Trog.
 14642 | D:10     | Reached *** piety under Nemelex Xobeh
 14946 | D:11     | Noticed a two-headed ogre
 14968 | D:11     | Noticed a seven-headed hydra
 15361 | D:11     | Reached skill level 8 in Invocations
 15497 | D:11     | Noticed a boulder beetle
 15520 | D:11     | Killed a boulder beetle
 15941 | D:11     | Received a gift from Nemelex Xobeh
 16010 | D:11     | Noticed a six-headed hydra
 16090 | D:11     | Found a staircase to the Lair.
 16174 | D:11     | Killed a two-headed ogre
 16175 | D:11     | Reached skill level 1 in Armour
 16175 | D:11     | Reached skill level 9 in Invocations
 16175 | D:11     | Reached XP level 12. HP: 76/76 MP: 9/18
 16385 | D:12     | Reached skill level 1 in Shields
 16394 | D:12     | Noticed a two-headed ogre
 16399 | D:12     | Killed a two-headed ogre
 16530 | D:12     | Noticed Snorg
 16575 | D:12     | Noticed an eight-headed hydra
 17230 | D:12     | Identified a scroll of acquirement
 17486 | D:12     | Reached **** piety under Nemelex Xobeh
 17606 | D:12     | Reached skill level 10 in Stealth
 17724 | D:12     | Found a staircase to the Orcish Mines.
 17882 | Lair:1   | Entered Level 1 of the Lair of Beasts
 17909 | Lair:1   | Received a gift from Nemelex Xobeh
 18368 | Lair:1   | Found a dark tunnel.
 18375 | Volcano  | Entered a volcano
 18395 | Volcano  | Noticed a two-headed ogre
 18395 | Volcano  | Noticed a two-headed ogre
 18414 | Volcano  | Killed a two-headed ogre
 18418 | Volcano  | Noticed an ogre mage
 18431 | Volcano  | Killed a two-headed ogre
 18437 | Volcano  | Killed an ogre mage
 18438 | Volcano  | Reached skill level 5 in Shields
 18446 | Volcano  | Noticed a two-headed ogre
 18469 | Volcano  | Killed a two-headed ogre
 18553 | Volcano  | Noticed a two-headed ogre
 18555 | Volcano  | Noticed a hell knight
 18557 | Volcano  | Killed a hell knight
 18558 | Volcano  | Killed a two-headed ogre
 19207 | Lair:1   | Reached ***** piety under Nemelex Xobeh
 19644 | Lair:1   | Reached XP level 13. HP: 80/80 MP: 9/20
 19756 | Lair:2   | Noticed a boulder beetle
 19770 | Lair:2   | Received a gift from Nemelex Xobeh
 20265 | Lair:2   | Reached skill level 10 in Invocations
 20419 | Lair:2   | Received a gift from Nemelex Xobeh
 20915 | Lair:2   | Killed a boulder beetle
 20949 | Lair:3   | Reached skill level 11 in Invocations
 21097 | Lair:3   | Noticed a four-headed hydra
 21142 | Lair:3   | Received a gift from Nemelex Xobeh
 21167 | Lair:3   | Noticed a boulder beetle
 21170 | Lair:3   | Killed a boulder beetle
 21562 | Lair:3   | Received a gift from Nemelex Xobeh
 21688 | Lair:3   | Killed a four-headed hydra
 21916 | Lair:4   | Found a staircase to the Swamp.
 21928 | Lair:4   | Identified the amulet of Roatwo {Spirit Rampage rC++}
 22088 | Lair:4   | Noticed a five-headed hydra
 22355 | Lair:4   | Found a staircase to the Snake Pit.
 22632 | Lair:4   | Reached skill level 12 in Invocations
 22659 | Lair:4   | Reached skill level 5 in Armour
 22907 | Lair:4   | Killed a five-headed hydra
 22964 | Lair:4   | Reached skill level 1 in Evocations
 22966 | Lair:4   | Reached XP level 14. HP: 86/86 MP: 14/23
 23593 | Lair:5   | Received a gift from Nemelex Xobeh
 23853 | Lair:5   | Reached skill level 13 in Invocations
 24337 | Lair:6   | Entered Level 6 of the Lair of Beasts
 24490 | Lair:6   | Received a gift from Nemelex Xobeh
 24633 | Lair:6   | Reached skill level 5 in Evocations
 25455 | D:12     | Reached skill level 14 in Invocations
 25650 | Orc:1    | Entered Level 1 of the Orcish Mines
 25650 | Orc:1    | Found a bloodstained altar of Trog.
 26060 | Orc:1    | Found Mir Qesuan's Jewellery Emporium.
 26590 | Orc:2    | Entered Level 2 of the Orcish Mines
 27050 | Orc:2    | Found a staircase to the Elven Halls.
 27077 | Orc:2    | Received a gift from Nemelex Xobeh
 28401 | Orc:2    | Paralysed by an ogre mage for 4 turns
 28508 | Orc:2    | Paralysed by an ogre mage for 7 turns
 28525 | Orc:2    | Reached XP level 15. HP: 76/90 MP: 23/26
 28605 | Orc:2    | Reached skill level 15 in Invocations
 29794 | Orc:2    | Found Kuot's Antique Armour Shop.
 29794 | Orc:2    | Found Wesokucu's Distillery.
 29795 | Orc:2    | Found Bujej's General Store.
 29795 | Orc:2    | Found Hotitoedd's Assorted Antiques.
 29801 | Orc:2    | Bought a scroll labelled VAOSHR HIGA for 27 gold pieces
 29802 | Orc:2    | Bought 3 scrolls of identify for 78 gold pieces
 29802 | Orc:2    | Bought a scroll of identify for 26 gold pieces
 29802 | Orc:2    | Bought a scroll of fog for 26 gold pieces
 30146 | Orc:2    | Bought a faintly humming leather armour for 217 gold pieces
 30146 | Orc:2    | Identified the +1 leather armour "Xiloeh" {Int+4} (You
                  | bought it in a shop on level 2 of the Orcish Mines)
 30146 | Orc:2    | Bought a twisted helmet for 294 gold pieces
 30146 | Orc:2    | Identified the -5 helmet of Vexation {*Slow rC+ rN+ Str-4
                  | Slay+2} (You bought it in a shop on level 2 of the Orcish
                  | Mines)
 30151 | Orc:2    | Bought a transparent scale mail for 243 gold pieces
 30151 | Orc:2    | Identified the +1 scale mail of the Orb {rN+} (You bought
                  | it in a shop on level 2 of the Orcish Mines)
 30155 | Orc:2    | Bought a potion of curing for 36 gold pieces
 30155 | Orc:2    | Bought a potion of heal wounds for 60 gold pieces
 30155 | Orc:2    | Bought a potion of curing for 36 gold pieces
 30155 | Orc:2    | Bought a potion of invisibility for 96 gold pieces
 30155 | Orc:2    | Bought a potion of might for 48 gold pieces
 30155 | Orc:2    | Bought a potion of haste for 120 gold pieces
 30618 | D:10     | Killed Sonja
 30680 | D:10     | Killed Harold
 30790 | D:9      | Reached skill level 10 in Fighting
 31134 | D:12     | Killed Snorg
 31478 | Lair:6   | Got the Grimoire of the Entourage and Necromancy
 31657 | Lair:6   | Found a staircase to the Slime Pits.
 31684 | Lair:6   | Reached skill level 15 in Dodging
 31817 | Lair:6   | Received a gift from Nemelex Xobeh
 32770 | Lair:6   | Reached skill level 10 in Short Blades
 33331 | Lair:6   | Received a gift from Nemelex Xobeh
 33610 | Lair:6   | Reached XP level 16. HP: 100/100 MP: 18/27
 35118 | D:13     | Received a gift from Nemelex Xobeh
 35232 | D:13     | Reached ****** piety under Nemelex Xobeh
 35335 | D:14     | Noticed Urug
 35335 | D:14     | Noticed Rupert
 35335 | D:14     | Found a gate to the Vaults.
 36281 | D:14     | Received a gift from Nemelex Xobeh
 36589 | D:14     | Killed Urug
 36595 | D:14     | Killed Rupert
 36961 | D:15     | Entered Level 15 of the Dungeon
 37223 | D:15     | - man i need some mr
 37376 | D:15     | Found a staircase to the Depths.
 37510 | D:15     | Received a gift from Nemelex Xobeh
 37567 | D:15     | Got the Grimoire of Terra Cotta
 38529 | D:15     | Found Dexiuc's Antique Armour Emporium.
 38633 | D:14     | Learned a level 2 spell: Blink
 38763 | Lair:4   | - I feel very underprepared
 38764 | Snake:1  | Entered Level 1 of the Snake Pit
 39162 | Snake:1  | Reached skill level 1 in Translocations
 39693 | Snake:1  | Received a gift from Nemelex Xobeh
 39786 | Snake:1  | Found Rephunka's Antique Armour Boutique.
 39940 | Snake:1  | Found Giamn's Weapon Boutique.
 39940 | Snake:1  | Found Foituqepp's Weapon Shop.
 39943 | Snake:1  | Found Aleoh's Antique Armour Shop.
 39960 | Snake:1  | Bought a runed buckler for 285 gold pieces
 40591 | Snake:1  | Identified the +1 leather armour "Zoohok" {rC- rN++ Str+7}
 41467 | Snake:2  | Reached XP level 17. HP: 48/106 MP: 11/28
 42274 | Snake:1  | - man whats goin ... didnt realize i had a live game here
 42274 | Snake:1  | - been a month a least
 42310 | Snake:2  | Noticed Aizul
 42569 | Snake:2  | Reached skill level 5 in Translocations
 42816 | Swamp:1  | Entered Level 1 of the Swamp
 42916 | Swamp:1  | Received a gift from Nemelex Xobeh
 43081 | Swamp:1  | Reached skill level 15 in Stealth
 43117 | Swamp:1  | Acquired a +5 quick blade
 44677 | Swamp:3  | Identified Roxanne's Guide on the Rocks
 44677 | Swamp:3  | Noticed Roxanne
 44721 | Swamp:3  | Reached skill level 10 in Evocations
 44814 | Swamp:3  | Received a gift from Nemelex Xobeh
 44867 | Swamp:3  | Noticed a thorn hunter
 45411 | Swamp:3  | Killed a thorn hunter
 46067 | Swamp:4  | Entered Level 4 of the Swamp
 46155 | Swamp:4  | Noticed a tentacled monstrosity
 46247 | Swamp:4  | Received a gift from Nemelex Xobeh
 46609 | Swamp:4  | Received a gift from Nemelex Xobeh
 46784 | Swamp:4  | - looks the reptile house
 46819 | Swamp:4  | - no i take it back
 46862 | Swamp:4  | - ew the chaos zone
 47958 | Snake:1  | - yeah aizul is a problem
 48144 | Snake:2  | Received a gift from Nemelex Xobeh
 48182 | Snake:2  | Reached skill level 16 in Invocations
 48214 | Snake:2  | Reached XP level 18. HP: 112/112 MP: 30/30
 49048 | Snake:2  | - wow what a swarm
 49051 | Snake:2  | Noticed Aizul
 49051 | Snake:2  | Aizul changed into Aizul the ice dragon
 49052 | Snake:2  | - hm I guess that improves things
 49063 | Snake:2  | Killed Aizul the ice dragon
 49103 | Snake:2  | - phew
 50134 | Snake:3  | Noticed Mara
 50142 | Snake:3  | Received a gift from Nemelex Xobeh
 50286 | Snake:3  | Found a large runed translucent door.
 50287 | Snake:3  | Found a large runed translucent door.
 51164 | Snake:4  | Entered Level 4 of the Snake Pit
 51164 | Snake:4  | Found Rsawi's Retail Resort.
 51553 | Snake:4  | Received a gift from Nemelex Xobeh
 52482 | Snake:4  | - what a landing
 52484 | Snake:4  | Reached skill level 17 in Invocations
 52508 | Snake:4  | Got a serpentine rune of Zot
 53775 | Swamp:4  | - well i guess everyones out and wandering now
 54479 | Swamp:4  | Killed a tentacled monstrosity
 54917 | Swamp:4  | Reached XP level 19. HP: 118/118 MP: 31/31
 55009 | Swamp:4  | Got a decaying rune of Zot
 55148 | Swamp:4  | - ok not good for the winrate
 55258 | Swamp:4  | - oh nobody even came up
 55392 | Lair:4   | - i still want to desroy all the snake dudes but i should
                  | wait
 55523 | Vaults:1 | Entered Level 1 of the Vaults
 55559 | Vaults:1 | - ooh here comes the convocation
 55636 | Vaults:1 | - oh that was careless
 55920 | D:14     | Reached skill level 18 in Invocations
 56244 | Vaults:1 | - oops gettin careless
 56277 | Vaults:1 | - oh dear dead end here
 56326 | Vaults:1 | Received a gift from Nemelex Xobeh
 56857 | Vaults:1 | Identified the +4 scimitar "Dipeptona" {vorpal, Str+3}
 57364 | Vaults:1 | - oh nets I should remember those
 58041 | Vaults:1 | Received a gift from Nemelex Xobeh
 58046 | Vaults:1 | - well that trap worked out
 58570 | Vaults:2 | Received a gift from Nemelex Xobeh
 59516 | Vaults:2 | - ooh a sweet laja... a bad move i like them so much
 59672 | Vaults:2 | Found a portal to a secret trove of treasure.
 59707 | Vaults:2 | Received a gift from Nemelex Xobeh
 59735 | Vaults:2 | Reached XP level 20. HP: 128/128 MP: 33/33
 60109 | Vaults:2 | Reached skill level 19 in Invocations
 60307 | Vaults:2 | - oh im slow
 60328 | Vaults:2 | Reached skill level 15 in Fighting
 60335 | Vaults:2 | - im like to get abyssed here amnt i
 60435 | Vaults:2 | Found Pune's Armour Shoppe.
 60463 | Vaults:2 | - oh of course it does
 60535 | Vaults:2 | HP: 4/122 [tengu reaver/bolt of acid (37)]
 60535 | Vaults:2 | Splashed by a tengu reaver's acid

Illustrated notes ####.# #.........# #.# #.######..# #.######.# #..# #........# #..# #........# #........# #........# #........# ) #........# .# #........#..# #.......@'p.# #........#..# #........# .# #........# . #........# #........# ########## Turn 37223 on D:15: - man i need some mr ###.[)..<. #P........ #......... ##........ #.....#... ##........ ### #........ #############P# ### #........ #......##.....####.# ##....... ..................#######..#.#... ................@....#.#..####... .........................#..#.... .......................<......... ................................. ...........................#.#..# ............>..........§§§#.###.. #........##.P...........>§§###... ##..##..#####....##.§.§§§§§.#.... .######## #P#.##..#§§§§.......# ## ############§#<....>. # #...#...÷. Turn 38763 on Lair:4: - I feel very underprepared .## ##.....# ##.#.####.#### .# ##....# ##..## ##..#. .#######.....## ##...# ##... ..#...........#####....# ##.. ...............##......## ##.# .......######...........######..# ###..### #......##..†......... #..## ##.....##............. ##..# ##......#....####...... #..#####.............##....).. ##...........@............##.. ##............(#........#####! #..######...)..######...# #. #..# ##.......# ##..# ## ##.#####.....)..# #..# # ###..##....######.# ##.# # ...^....#### ##.## #.## ###...### #...# ##.# # # ##### ##.#.## #.# # # #.###.# #.# # # ### ### ### Turn 42274 on Snake:1: - man whats goin ... didnt realize i had a live game here ≈≈ ≈≈§. ≈≈ ♣...≈≈≈.♣♣ § .♣♣≈≈≈≈≈≈..♣♣ ♣♣ ♣≈.≈.≈≈≈≈≈§≈.♣ ≈♣♣≈..≈...≈≈≈≈≈. ..≈..≈≈≈.....≈♣ ♣♣ §.≈.≈≈≈≈..♣♣..♣♣§.♣ ≈≈..≈≈§.≈≈.♣.♣♣♣≈≈♣♣ ≈§.†....≈§♣♣♣.≈.≈≈≈♣ ......♣..♣♣♣...§..♣ ....≈≈≈.♣# ♣♣##.@## ≈≈.♣.≈.## ♣##♣ ≈≈..≈♣≈♣ .$. ..# ♣.≈# ≈≈≈# ≈..# ♣♣.# ♣ # Turn 46784 on Swamp:4: - looks the reptile house ♣♣.≈≈≈≈.≈≈..≈≈.≈.≈≈§≈..♣♣..♣♣≈. ♣♣♣..≈≈≈≈.≈≈.≈≈≈≈..≈≈≈.≈≈.♣.♣♣♣§≈ ♣≈.≈.≈≈≈≈≈...≈≈≈≈.†....≈≈♣♣♣.≈.≈≈ ≈....≈≈≈≈............♣..♣♣♣...≈.. ≈...≈≈≈≈≈..♣♣≈.....≈≈§.♣# ♣♣##..# ))[.≈≈≈§..≈♣ .≈≈≈.♣.≈.## ♣##♣ ≈≈♣..§≈...♣♣.≈≈≈≈..≈♣≈♣≈ <.♣♣...♣ ≈≈§...≈#≈≈≈# ..♣..≈♣♣♣ ≈≈.≈...≈#≈ .♣♣....≈♣♣ .≈≈≈..##≈# .♣♣♣≈.≈.≈♣ ♣≈♣@≈# #.# ♣♣ ♣..♣≈≈♣♣♣♣♣♣≈≈≈# ≈n≈ ♣≈♣♣......≈♣§..# ≈≈ ♣♣♣....≈≈≈≈.♣♣.# ♣.♣♣≈.≈≈≈.♣ ♣# ♣♣♣♣♣♣.♣♣♣.≈≈≈.♣ .......♣ ♣♣≈≈..♣♣♣# ♣♣♣♣♣♣♣♣♣♣♣≈..♣♣≈§# ...........≈......♣ ♣♣♣♣♣♣♣♣♣♣♣.......♣ .......♣♣♣..♣.≈.≈≈♣ Turn 46819 on Swamp:4: - no i take it back ......≈≈≈≈≈≈≈ ♣...≈≈≈.♣♣ ≈≈.≈..≈≈≈.≈§ .♣♣≈≈≈≈≈≈..♣♣ ≈≈.≈.....≈♣♣♣ ♣≈.§.≈≈≈≈≈≈≈.♣ .≈♣♣....?♣.≈♣♣≈..≈...≈≈≈≈≈.♣ ♣♣..≈♣.≈.....≈..≈≈§.....≈♣♣♣♣♣ .≈≈≈≈.≈≈..≈≈.≈.≈≈§≈..♣♣..♣♣≈.♣ .≈≈≈≈.≈≈.≈≈≈≈..§≈≈.≈≈.♣.♣♣♣§≈♣♣ .≈≈≈≈≈...≈§≈≈.†....≈≈♣♣♣.≈.≈≈≈♣ .≈≈≈≈............♣..♣♣♣...≈..♣♣ ≈≈≈≈≈..♣♣≈.....≈≈≈.♣# ♣♣##..## ≈≈≈§..≈♣♣.§≈≈.♣.@.## ♣##♣ .§≈...♣♣.≈§≈≈..≈♣≈♣≈ ...♣ ♣≈≈≈...≈#≈≈≈# .≈♣♣♣ ♣≈≈.≈...≈#≈#≈≈ ...≈♣♣♣♣.≈≈≈..##≈#.#u ≈.≈.≈♣♣≈♣♣≈♣.≈# #.# ..♣≈≈♣♣♣♣♣♣≈≈≈# ≈n≈ ≈♣♣......≈♣≈..# ≈≈ ♣♣....≈≈§≈.♣♣.# ♣.♣♣≈.≈≈≈.♣♣♣# ♣♣.♣♣♣.§≈≈.♣ Turn 46862 on Swamp:4: - ew the chaos zone .## ##.....# ##.#.####.#### .# ##....# ##..## ##..#. .#######.....## ##...# ##... ..#...........#####....# ##.. ...............##......## ##.# .......######...........######..# ###..### #......##............ #..## ##.....##............. ##..# ##......#....####...... #..#####.............##....).. ##...........@............##.. ##............(#........#####! #..######...)..######...# #. #..# ##.......# ##..# ## ##.#####.....)..# #..# # ###..##....######.# ##.# # ...^....#### ##.## #.## ###...### #...# ##.# # # ##### ##.#.## #.# # # #.###.# #.# # # ### ### ### Turn 47958 on Snake:1: - yeah aizul is a problem .....'.)....)..# .....###.#####.# .....###.#####.# ## .....##........# .###### .....##..#####.# .....)# .....##..# #.# .####.+ .....##..# #.# <# #.+ .^...##..# #.# S# #.+ .....##..# #.# N# #.# .....# #.# (# ....@# #.# .# ..yNN# #.# .# .....# #.# .. .S...# #.# .....# #.# #.# #.###### ..#...# #......[ ..'...# #.###### ..'.[.# #.# . #...# #.# Turn 49048 on Snake:2: - wow what a swarm .....'.)....)..# .....###.#####.# .....###.#####.# ## .....##........# .###### .....##..#####.# .....)# .....##..# #.# .####.+ .....##..# #.# <# #.+ .^...##..# #.# S# #.+ .....##..# #.# N# #.# .....# #.# (# ....@# #.# .# ..hDc# #.# .# ..k..# #.# .. .)F..# #.# ..p..# #.# #.# #.###### ..#...# #......[ ..'...# #.###### ..'.[.# #.# . #...# #.# Turn 49052 on Snake:2: - hm I guess that improves things ...###### .....##..#####.# .).....)# .....##..# #.# ...####.+ ......##..# #.# ..<# #.+ ..^...##..# #.# .?S# #.+ .......##..# #.# ..N# #.# ........# #.# ..(# ..).....# #.# ...# ........# #.# ...# .....)..# #.# .... ....)h).# #.# . .....@†.# #.# '' ........# #.# .. ........# #.#### ....#...# ........# #..... ....'...# .......'. #.#### ....'.[.# .......'. #.# ... #...# .......'. #.# ''# #..># . #.# .)###S..#.. #.# ....<...'.. #.# # ......[.'.. #.# ## Turn 49103 on Snake:2: - phew ##...########......##....# ##?.### ####..###....# ##..## ##.# #....# ##..## ### #....# ##..## #....# ##..## #....# ##..## #...N...# #..... ##..## N.......# #...SS #..#### .N...... #..).N ..###.# #..φ.S. #....† .###..# #.@...# #..N.. ###...# ##.N.## ..?..# ###...# ##### .....# .###..# ......## #......# .S...# ###....## #....# ##....# #....# ##...## ###....# ##...### ###.#....# ##....### #...#....# Turn 52482 on Snake:4: - what a landing ♣ ♣♣ ♣♣♣♣ .♣ ♣♣♣♣♣ ♣.≈♣♣♣ ≈♣♣♣♣♣ ♣♣≈..♣ ♣.≈.≈♣ ...♣≈♣♣♣ ♣.≈..♣♣♣♣.≈.♣♣ ≈...≈†.♣♣♣♣♣♣ ♣.≈≈.≈♣♣.≈≈.♣ ♣♣ ♣≈♣♣.....♣♣§♣♣♣♣♣.†≈≈..♣.≈≈≈♣ ♣§ ≈≈≈♣♣≈≈≈.≈≈..≈♣♣.†≈≈≈≈≈...^♣♣ ♣. ♣≈≈≈♣≈§≈.≈≈≈≈≈..@≈≈≈≈≈§≈≈≈.♣♣♣♣♣≈ ≈≈≈≈≈(.♣≈≈≈≈≈≈≈≈.≈≈≈≈§≈≈≈≈≈.♣≈≈.. ≈≈≈♣♣≈.≈≈≈§≈≈≈≈...≈≈≈≈.≈≈≈≈.≈≈≈≈ ≈≈♣≈.≈♣♣≈≈≈≈≈≈≈≈...≈≈≈..≈≈≈♣...♣ ♣♣♣♣...♣♣≈§≈≈≈≈≈≈≈..≈≈≈.≈≈≈≈♣♣♣♣♣ ♣≈≈≈.≈♣♣♣♣♣≈≈≈≈≈§≈≈≈§D♣♣♣♣♣♣≈.... ♣≈≈≈≈♣♣ ♣.≈≈≈≈≈≈≈≈≈.≈ ♣.≈≈≈.. ≈.≈≈≈♣♣♣♣♣♣≈.≈≈≈≈≈≈≈≈ ♣♣♣.§≈≈.. ≈♣.≈.♣.......n≈≈≈≈≈≈ ♣...≈≈≈.♣ ♣♣♣♣♣♣≈≈≈.≈n.≈≈≈.≈≈≈ .♣♣≈≈≈≈≈≈.. .♣ ♣≈§≈.≈.....≈♣♣♣ ♣≈.§.≈≈≈≈≈≈≈ Turn 53775 on Swamp:4: - well i guess everyones out and wandering now

♣≈≈≈.≈..≈≈≈.≈≈≈♣§.♣♣≈≈≈≈≈≈..♣♣
♣≈≈≈.≈.....≈♣♣♣♣♣≈.≈.≈≈≈≈≈≈≈.♣
♣♣.≈♣♣.....♣.≈♣♣≈..≈...≈≈≈≈≈.♣
♣♣♣..≈♣.≈.....≈..≈≈≈.....≈♣♣♣♣♣
♣♣.≈≈≈≈.≈≈..§≈.≈.§≈≈≈..♣♣..♣♣≈.♣
♣..§≈≈≈.§≈.≈≈≈≈..≈≈≈.≈≈.♣.♣♣♣§≈♣♣
.≈.≈≈≈≈≈...≈≈≈≈.≈....≈≈♣♣♣.≈.≈≈≈♣
...≈≈≈≈............♣..♣♣♣...≈..♣♣
..≈≈≈≈≈..♣♣≈.....≈≈≈.♣# ♣♣##..##
[.≈≈≈≈..≈♣♣.≈≈≈.♣.≈.##♣♣##♣♣##♣♣#
♣..≈≈...♣♣.≈≈≈≈.@≈♣≈♣≈..≈...÷≈≈≈.
♣♣...♣♣♣♣♣≈≈≈...≈#≈≈≈#≈≈.≈≈≈≈.≈.≈
♣..≈♣♣♣ ♣≈≈.≈...≈#≈#≈≈≈≈#≈≈≈≈≈≈≈
♣....≈♣♣♣♣.≈≈≈[.##≈#.#.≈≈≈#≈#####
♣♣≈.≈.≈♣♣≈♣♣≈♣.≈#≈#.#.≈≈≈#≈≈#...#
♣..♣≈≈♣♣♣♣♣♣≈≈≈#.≈≈.≈.≈≈.#≈##.#≈
♣≈♣♣......≈♣≈..#≈≈≈≈≈≈≈≈##≈≈.#.≈
♣♣♣....≈≈≈≈.♣♣.#≈.≈≈≈≈≈.#♣≈≈≈≈≈≈
♣.♣♣≈.≈§≈.♣♣♣#.♣≈≈≈#≈##..#≈#≈#
♣♣♣♣.♣♣♣.≈≈≈.♣ #..#≈♣≈##.≈..♣≈#≈
.....♣ ♣♣≈≈..♣♣♣#≈≈≈≈≈≈≈≈..≈§≈.≈≈


Turn 55148 on Swamp:4: - ok not good for the winrate
.♣.......≈≈≈≈≈≈≈≈♣♣♣♣...≈≈≈.♣♣ ♣♣≈≈≈.≈..≈≈≈.≈≈≈♣§.♣♣≈≈≈≈≈≈..♣♣
♣≈≈≈.≈.....≈♣♣♣♣♣≈.≈.≈≈≈≈≈≈≈.♣ ♣♣.≈♣♣.....♣.≈♣♣≈..≈...≈≈≈≈≈.♣
♣♣♣..≈♣.≈.....≈..≈≈≈.....≈♣♣♣♣♣ ♣♣.≈≈≈≈.≈≈..≈≈.§.≈≈≈≈..♣♣..♣♣≈.♣
♣♣..§≈≈≈.≈≈.≈≈≈≈..≈≈≈.≈≈.♣.♣♣♣§≈♣ ≈.≈.≈≈≈≈≈...≈≈≈≈.≈....≈≈♣♣♣.≈.≈≈≈
....≈≈≈≈............♣..♣♣♣...≈..♣ ...≈≈≈≈≈..♣♣§.....≈≈≈.♣# ♣♣##..##
)[.≈≈≈≈..≈♣♣.≈≈≈@♣.≈.##♣♣##♣♣##♣♣ ≈♣..≈≈...♣♣.≈≈≈≈..≈♣≈♣≈..≈...÷≈≈≈
.♣♣...♣♣♣♣♣≈≈≈...≈#≈≈≈#≈≈.≈≈≈≈.≈. .♣..≈♣♣♣ ♣≈≈.≈...≈#≈#≈≈≈≈#≈≈≈≈≈≈
♣♣....≈♣♣♣♣.≈≈≈[.##≈#.#.≈≈≈#≈#### ♣♣♣≈.≈.≈♣♣≈♣♣≈♣.≈#≈#.#.≈≈≈#≈≈#... ♣
♣..♣≈≈♣♣♣♣♣♣≈≈≈#.≈≈.≈.≈≈.#≈##.# ♣≈♣♣......≈♣≈..#≈≈≈≈≈≈≈≈##≈≈.#.
♣♣♣....≈≈≈≈.♣♣.#≈.≈≈≈≈≈.#♣≈≈≈≈≈ ♣.♣♣≈.≈§≈.♣♣♣#.♣≈≈≈#≈##..#≈#≈ ♣♣♣♣♣.♣♣♣.≈≈≈.♣
#..#≈♣≈##.≈..♣≈# Turn 55258 on Swamp:4: - oh nobody even came up ##.........##
#.....#...## ##........# ### #........## ########P# ### #.........##
..##.....####.# ##.........## .............#######..#.#......#
...........>....#.#..####.....## ....................#..#......##
..................<............# ................@.............P##
......................#.#..#..### .......>.............#.###....###
....##.P...........§..###.....##. #..#####....##.....§§§.#.......## ####
#P#.##..#..§§§§.....#..... ############§#<....>...... #...#...÷......
##......÷...... ##..........## #P...÷.....## Turn 55392 on Lair:4: - i still
want to desroy all the snake dudes but i should wait #.....∩..# #........#
#........# #........# #........# #........# #........# ######'########
#....'...p #....#.... #.@..##### #....# #....# #....p... #..p.'... +....#...
#....#... Turn 55559 on Vaults:1: - ooh here comes the convocation ##########
#.†).....# +........# #...†....# #.....∩..# #........# #........# #........#
#........# #.....@..# #....TT..# ######T######## #TT..p...p #T.T.#....
#..p.##### #....# #....# #....'... #....'... +....#... Turn 55636 on Vaults:1: -
oh that was careless ##################### ..p)§................
...pp................ ....@................ .....................
..................... ......... ....... ......... ...... ..... +### # Turn 56244
on Vaults:1: - oops gettin careless ##################### .......p.............
........p............ ......##########..... ......#..[.....#.....
......+........#@.... ......#........#!.... ......#.....∩..#.####
p.....#........#.# ......#........#.# ##....#........# ....#........# #........#
#........# ######[######## #....'...p Turn 56277 on Vaults:1: - oh dear dead end
here ################################# .................................
................................. ............##########...........
............#..[.....#........... ............'..).....#...........
............#..))[)..#!.......... ............#...).∩..#.#########.
............#..)))...#.#.......#. #+###.......#........#.#.......'.
####....#...@....#.#.......#. #....#........# #...>...#. #....#........#
#.......#. #....#....))[.# #.......#. #....######+###########+##
#.........#....'...p....#. ####.........#[...#........'.
#............#....##########. .........)....#....#........#.
............###....#........#. .......#'#..#.#....'........'. Turn 57364 on
Vaults:1: - oh nets I should remember those .............#.#.#.#.#.#.#.....#
.............#...........#(....# .............#####.#.###'#.....#
.............#...'...#...#.....# .............#.#.#.#.#.#.#.....#
.............#...#...#...#.....# ########.....###+#########.....#
.......#............. ........# .......#.............. ........#
.......#........)..... ........# .......#.......)@..... ........#
.......#.........).... ........# ..)....#.............. ........#
########........)..... ........# .........#########..## ######..#
.........#.......#..# #..# .........#.......#..# #..# .........#.......#..# #).#
######...#.......# #..# #..(##...#.......# #..# .....#...'.......# #..# Turn
58046 on Vaults:1: - well that trap worked out .....# #[...... .....# +..u....
.....# .....# .....# .....# .....# #..... .....# #..... .....# #..... .....#
#..... .....###########@.... ..................[.. .....................
..................... ##################### Turn 59516 on Vaults:2: - ooh a
sweet laja... a bad move i like them so much ### #..........#...........#.....
#..........#...........#..... #..........#...........#.....
#..........#...........# .... #..........'...........# ...
#...)......############# ... #............... ... #.............######## ....
#.............#......# .... #####.............#......# ....
................@.#..>...#....... ................uo'......#.......
..................#......#....... ..................#......#.......
...............oo.#####'##....... .................................
#)#####.......................... ..# #.........)................ ..#
#........................[. ..# #.......................... ..#
#.......................... Turn 60307 on Vaults:2: - oh im slow ..#
#..........#...........#..... #.# #..........#...........#..... ..#
#..........#...........#..... ### #..........#...........#.....
#..........#...........#..... #..........#...........#.....
#..........#...........# .... #..........'...........# ...
#...)......############# ... #............up)3).3... ... #...........@.########.
.... #.............#......# .... #####.............#......# ....
..................#..>...#....... ..................+......#.......
..................#......#....... ..................#......#.......
..................#####'##....... .................................
#)#####.......................... ..# #.........)................ Turn 60335 on
Vaults:2: - im like to get abyssed here amnt i ###################
..................# ..................# ................@.# ..................#
..................# #########......p..# #.........# #.........# #.........#
#.........# #.........# #.........# # ###.........# Turn 60463 on Vaults:2: - oh
of course it does

Levels and vault maps discovered:
D:1:      scummos_arrival_checkerplants, layout_basic
D:2:      layout_loops_corners
D:3:      layout_loops_ring, overflow_temple_1_default,
          kennysheep_orc_sif_temple, uniq_ijyb
D:4:      layout_basic, hangedman_ru_absence, minmay_unequal, uniq_pikel
D:5:      kennysheep_windowed_halls, layout_cave_pools, lightli_minifort
D:6:      wad_crossroads, layout_loops_corners, xom_teletrap_fun,
          nicolae_gozag_seed_capital, grunt_temple_overflow_open
D:7:      layout_rooms, vehumet_altar_wand_db, zin_purify,
          minmay_temple_entry_trees, minmay_puff
D:8:      layout_cave_pools, nicolae_overflow_crystal_walls
D:9:      minmay_shrinking_squares, layout_cave_pools, kennysheep_little_box,
          serial_park_tiny_1, hangedman_abyss_or_decor_passed, uniq_psyche
D:10:     layout_loops_corners, mainiacjoe_overflow_boulevard,
          roderic_serpentine_path, uniq_harold, uniq_sonja
D:11:     layout_rooms, due_lair_maze_entry_diamond,
          portal_ice_cave_entry_pillars_2
D:12:     layout_irregular_city, david_orc_4, uniq_snorg
D:13:     layout_basic
D:14:     layout_gridville, david_vaults_3, minmay_misc_feat_more_columns
D:15:     grunt_enter_depths_magical_seal, layout_long_grid,
          grunt_decor_arrowhead, serial_shops, shop, item_on_display_a
Temple:   dpeg_chambers_temple
Lair:1:   layout_regular_city, nicolae_volcano_entry_hallway,
          serial_bayou_shore_a, infiniplex_staircase_pool
Lair:2:   layout_misc_corridors, grunt_megastairs_4
Lair:3:   layout_cave_pods
Lair:4:   layout_cave_shapes, swamp_mist, dummy_snake_entry, st_stairs_11,
          lemuel_fruit_fields
Lair:5:   layout_gridlike
Lair:6:   minmay_lair_end_frog_pond, layout_gridlike, minmay_slime_entry_pillars
Swamp:1:  layout_basic_swamp, evilmike_swamp_ruin_house_5
Swamp:2:  layout_basic_swamp, nicolae_swamp_little_tower
Swamp:3:  layout_basic_swamp, nicolae_swamp_big_swirl, swamp_pool4,
          nicolae_swamp_oxbows, uniq_roxanne
Swamp:4:  swamp_vile, layout_basic_swamp, nicolae_swamp_triple_paths,
          swamp_pool4, nicolae_swamp_stuck_in_the_mud
Snake:1:  layout_layer_cave, minmay_shoptagon, lemuel_fruit_tree
Snake:2:  layout_gridlike, grunt_megastairs_3, serial_bayou_shore_b, uniq_aizul
Snake:3:  layout_gridlike, ebering_ghost_disaster_area, grunt_megastairs_5,
          uniq_mara
Snake:4:  grunt_snake_rune_spirals, layout_onion, nicolae_alphabet_shops
Orc:1:    layout_caves, serial_shops, shop, basic_altar
Orc:2:    st_orc_ogre_mass, layout_diamond_mine, mines1_david, uniq_rupert
Vaults:1: nicolae_vaults_circle_grid_a, v_rooms_6, nicolae_vaults_alarming,
          v_alt_pattern_2, ontoclasm_vaults_loading_screen, vaults_room_hallway,
          vaults_room_corners, ontoclasm_vaults_fault,
          ontoclasm_vaults_decontamination, ontoclasm_vaults_pinch,
          layout_vaults_chaotic_city
Vaults:2: dpeg_vaults_waves, hangedman_vaults_impose, v_alt_pattern_2,
          minmay_crypt_entry_simple_box, nicolae_vaults_little_squares_4,
          layout_vaults_omnigrid, serial_shops, shop,
          nicolae_trove_entry_free_sample

Skill      XL: |  1  2  3  4  5  6  7  8  9 10 11 12 13 14 15 16 17 18 19 20 |
---------------+-------------------------------------------------------------+-----
Short Blades   | 1 2 3 4 5 7 9 10 12 | 12.0
Stealth        | 2 3 4 5 6 8 9 11 12 14 15 17 18 | 18.4
Dodging        | 5 9 12 15 | 15.0
Fighting       | 5 6 9 11 12 14 15 | 15.0
Throwing       | 6 |  6.0
Invocations    | 3 6 9 12 14 15 16 17 18 19 | 19.1
Armour         | 1 2 6 |  6.0
Shields        | 6 |  6.0
Evocations     | 1 6 9 11 12 | 12.0
Translocations | 3 6 |  6.0

Action                   |  1- 3 |  4- 6 |  7- 9 | 10-12 | 13-15 | 16-18 | 19-21 || total
-------------------------+-------+-------+-------+-------+-------+-------+-------++-------
Melee: Short sword       |   106 |   153 |   373 |   679 |  1643 |  1976 |   571 ||  5501
       Quick blade       |       |       |       |       |       |    32 |    43 ||    75
Throw: Stone             |     3 |       |       |       |       |       |       ||     3
       Dart              |     1 |    17 |    53 |    65 |   127 |    46 |     2 ||   311
       Boomerang         |       |     1 |     9 |    16 |    14 |    78 |    18 ||   136
 Cast: Blink             |       |       |       |       |       |    16 |    10 ||    26
Invok: Draw Summoning    |       |       |       |     2 |     4 |     9 |     1 ||    16
       Draw Destruction  |       |       |       |       |    34 |    27 |    14 ||    75
       Deal Four         |       |       |       |       |     1 |     4 |     1 ||     6
       Triple Draw       |       |       |       |       |     1 |     2 |       ||     3
       Stack Five        |       |       |       |       |       |     1 |       ||     1
       Draw Escape       |       |       |       |       |       |     1 |       ||     1
       Draw Stack        |       |       |       |       |       |       |     1 ||     1
Evoke: Wand              |       |       |     6 |     7 |    35 |    41 |    15 ||   104
       Piece from Xom's  |       |       |       |       |       |     7 |     1 ||     8
       Condenser vane    |       |       |       |       |       |     2 |     2 ||     4
       Box of beasts     |       |       |       |       |       |     1 |     1 ||     2
  Use: Scroll            |     1 |     3 |       |    15 |     8 |    10 |     5 ||    42
       Potion            |       |       |       |     1 |     5 |     8 |     4 ||    18
 Stab: Sleeping          |    11 |    12 |    14 |    48 |    56 |    65 |    38 ||   244
       Distracted        |       |     1 |       |     2 |     7 |    11 |     2 ||    23
       Paralysed         |       |       |       |       |     3 |     3 |       ||     6
       Invisible         |       |       |       |       |       |     5 |       ||     5
       Petrified         |       |       |       |       |       |     3 |       ||     3
Armor: Leather armour    |    23 |    13 |    13 |       |    97 |       |       ||   146
       Robe              |       |       |    23 |    52 |    17 |       |       ||    92
       Scale mail        |       |       |       |       |    67 |   178 |       ||   245
       Swamp dragon scal |       |       |       |       |       |   155 |   132 ||   287
Dodge: Dodged            |    56 |    52 |   161 |   406 |  1001 |  1156 |   370 ||  3202
Block: Buckler           |       |       |       |    15 |   390 |   472 |   177 ||  1054
